 Dungeon Crawl Stone Soup version 0.27.1 (webtiles) character file.

Game seed: 11222489860744764510

2293 Gwenloh the Frost Mage (level 9, -8/45 HPs)
             Began as a Deep Elf Ice Elementalist on Aug 26, 2021.
             Was a Believer of Sif Muna.
             Mangled by a two-headed ogre (26 damage)
             ... on level 7 of the Dungeon on Aug 27, 2021.
             The game lasted 00:42:55 (8861 turns).

Gwenloh the Frost Mage (Deep Elf Ice Elementalist)  Turns: 8861, Time: 00:42:56

Health: -8/45      AC: 11    Str:  6    XL:     9   Next: 17%
Magic:  6/22       EV: 15    Int: 22    God:    Sif Muna [**....]
Gold:   363        SH:  0    Dex: 16    Spells: 12/23 levels left

rFire    . . .     SeeInvis .   n - +3 dagger (venom)
rCold    . . .     Faith    .   (no shield)
rNeg     . . .     Spirit   .   a - +0 robe
rPois    .         Reflect  .   (no helmet)
rElec    .         Harm     .   q - +0 cloak
rCorr    .         Rampage  .   (no gloves)
Will     .....                  (no boots)
Stlth    ++........             j - amulet of regeneration
HPRegen  1.15/turn              (no ring)
MPRegen  0.18/turn              (no ring)

@: ice-armoured, freezing walls
A: no striking features
a: Renounce Religion, Channel Magic


You were on level 7 of the Dungeon.
You worshipped Sif Muna.
Sif Muna was pleased with you.
You visited 2 branches of the dungeon, and saw 8 of its levels.

You collected 363 gold pieces.

Inventory:

Hand Weapons
 b - a +0 dagger
 n - a +3 dagger of venom (weapon)
 v - a +1 whip of venom
Missiles
 e - 149 stones
 o - 31 poisoned darts (quivered)
 t - a throwing net
Armour
 a - a +0 robe (worn)
 q - a +0 cloak (worn)
 y - a +0 leather armour
Magical Staves
 k - a staff of air
Jewellery
 j - an amulet of regeneration (around neck)
 l - a ring of fire
Wands
 w - a wand of iceblast (16)
 A - a wand of flame (27)
Scrolls
 c - a scroll of holy word
 f - 4 scrolls of fear
 i - 2 scrolls of blinking
 r - 3 scrolls of enchant armour
 u - 2 scrolls of fog
 z - a scroll of teleportation
Potions
 d - a potion of might {unknown}
 g - a potion of invisibility {unknown}
 h - a potion of cancellation {unknown}
 m - 6 potions of curing {unknown}
 p - 2 potions of heal wounds {unknown}
 s - 2 potions of degeneration {unknown}
 x - a potion of lignification {unknown}


   Skills:
 + Level 7.2 Dodging
 - Level 2.4 Stealth
 + Level 7.9 Spellcasting
 + Level 4.8 Conjurations
 + Level 8.1 Ice Magic
 + Level 5.3 Invocations


You had 12 spell levels left.
You knew the following spells:

 Your Spells              Type           Power      Damage    Failure   Level
a - Freeze                Ice            100%       1d11      1%          1
b - Frozen Ramparts       Ice            88%        1d10      1%          3
c - Ozocubu's Armour      Ice            44%        N/A       1%          3
d - Hailstorm             Conj/Ice       37%        3d9       4%          4

Your spell library contained the following spells:

 Spells                   Type           Power      Damage    Failure   Level
 Animate Skeleton         Necr           16%        N/A       8%          1
 Apportation              Tloc           16%        N/A       8%          1
 Corona                   Hex            8%         N/A       8%          1
 Pain                     Necr           32%        1d5       8%          1
 Summon Small Mammal      Summ           32%        N/A       8%          1
 Dazzling Flash           Conj/Hex       38%        N/A       9%          3
 Inner Flame              Hex/Fire       8%         N/A       22%         3
 Iskenderun's Mystic Bla  Conj/Tloc      19%        2d6       28%         4
 Cause Fear               Hex            4%         N/A       58%         4
 Agony                    Necr           8%         N/A       91%         5
 Excruciating Wounds      Necr           4%         N/A       91%         5
 Starburst                Conj/Fire      9%         6d5       99%         6
 Discord                  Hex            4%         N/A       100%        8


Dungeon Overview and Level Annotations

Branches:
Dungeon (7/15)             Temple (1/1) D:4

Altars:
Ashenzari
Cheibriados
Dithmenos
Elyvilon
Fedhas
Gozag
Hepliaklqana
Kikubaaqudgha
Makhleb
Nemelex Xobeh
Okawaru
Qazlal
Ru
Sif Muna
Uskayaw
Vehumet
Wu Jian
Xom
Yredelemnul
Zin
The Shining One

Shops:
D:2 [   D:4 *   D:5 !

Annotations:
D:6 3 runed translucent doors, Silentstumbler's ghost, novice TrHu


Message History

The two-headed ogre is heavily wounded.
Casting: Hailstorm (dangerous; 4% risk of failure)
Confirm with . or Enter, or press ? or * to list all spells.
A film of ice covers your body!
The two-headed ogre barely misses you. x2
Casting: Ozocubu's Armour (safe; 1% risk of failure)
Confirm with . or Enter, or press ? or * to list all spells.
Casting: Frozen Ramparts (safe; 1% risk of failure)
Press: ? - help, Dir - look around, f - activate The walls around you are covered in ice.
The wall freezes the two-headed ogre.
The two-headed ogre misses you.
The two-headed ogre hits you but does no damage.
Casting: Frozen Ramparts (safe; 1% risk of failure)
Confirm with . or Enter, or press ? or * to list all spells.
Aiming: Freeze (safe; 1% risk of failure)
Press: ? - help, Shift-Dir - straight line, f - two-headed ogre
Aim: a two-headed ogre, wielding a +0 giant spiked club and a +0 giant club (heavily wounded)
You freeze the two-headed ogre.
The two-headed ogre is severely wounded.
The wall freezes the two-headed ogre!
The two-headed ogre hits you with a +0 giant spiked club.
The two-headed ogre hits you with a +0 giant club!!
Ouch! That really hurt!
Casting: Freeze (safe; 1% risk of failure)
Confirm with . or Enter, or press ? or * to list all spells.
Aiming: Freeze (safe; 1% risk of failure)
Press: ? - help, Shift-Dir - straight line, f/p - two-headed ogre
Aim: a two-headed ogre, wielding a +0 giant spiked club and a +0 giant club (severely wounded)
You freeze the two-headed ogre.
The two-headed ogre is almost dead.
Casting: Freeze (safe; 1% risk of failure)
Confirm with . or Enter, or press ? or * to list all spells.
Aiming: Freeze (safe; 1% risk of failure)
Press: ? - help, Shift-Dir - straight line, f/p - two-headed ogre
Aim: a two-headed ogre, wielding a +0 giant spiked club and a +0 giant club (almost dead)
You freeze the two-headed ogre.
The two-headed ogre is almost dead.
The wall freezes the two-headed ogre!
The two-headed ogre hits you with a +0 giant spiked club!!
Ouch! That really hurt!
You die...

.....# #............
.....# #............
.....# #............
.....#########'########
#'##............##....#
...#............#.....
...#............#...
####............#O###+##
......###+#####.@......#
......'....# #........#
......#....# +........#
......#..### #........#
.######### ....##+### .#
.....# .# .....# .#
......# ##


You could see a two-headed ogre.

Vanquished Creatures
  A komodo dragon (D:5)
  Edmund (D:6)
  A water moccasin (D:7)
  2 ice beasts
  A sky beast (D:7)
  2 ogres
  2 black bears
  2 centaurs
  A phantom (D:6)
  A wyvern zombie (D:7)
  A water moccasin skeleton (D:5)
  4 wights (D:6)
  An orc priest (D:2)
  2 bullfrog skeletons
  2 hounds
  A centaur skeleton (D:5)
  5 iguanas
  5 orc wizards
  2 hound skeletons
  A howler monkey zombie (D:7)
  4 gnolls (D:4)
  8 adders
  A worm (D:2)
  3 dart slugs
  19 orcs
  6 ball pythons
  15 bats
  14 endoplasms
  A giant cockroach (D:1)
  5 goblins
  5 hobgoblins
  8 jackals
  8 kobolds
  A quokka (D:1)
  9 frilled lizards
  10 rats
155 creatures vanquished.

Vanquished Creatures (others)
  5 fungi (D:4)
5 creatures vanquished.

Grand Total: 160 creatures vanquished

Notes
Turn   | Place    | Note
-------+----------+-------------------------------------------
     0 | D:1      | Gwenloh the Deep Elf Ice Elementalist began the quest for
                  | the Orb.
     0 | D:1      | Reached XP level 1. HP: 10/10 MP: 6/6
   164 | D:1      | Reached XP level 2. HP: 8/15 MP: 1/8
   778 | D:1      | Reached skill level 5 in Ice Magic
   778 | D:1      | Reached XP level 3. HP: 19/19 MP: 8/10
   782 | D:1      | Learned a level 3 spell: Frozen Ramparts
   786 | D:1      | Learned a level 3 spell: Ozocubu's Armour
  1309 | D:2      | You fall into a shaft and drop 2 floors!
  1309 | D:4      | Found a staircase to the Ecumenical Temple.
  1320 | Temple   | Entered the Ecumenical Temple
  1412 | Temple   | Became a worshipper of Sif Muna the Loreminder
  1578 | D:4      | Found a sacrificial altar of Ru.
  1697 | D:4      | Reached XP level 4. HP: 24/24 MP: 6/11
  2032 | D:3      | Learned a level 4 spell: Hailstorm
  2095 | D:3      | Reached * piety under Sif Muna
  2107 | D:2      | Reached XP level 5. HP: 28/28 MP: 13/13
  2264 | D:2      | Found Ribiv's Antique Armour Boutique.
  2469 | D:2      | Reached skill level 6 in Ice Magic
  2497 | D:2      | Reached skill level 1 in Conjurations
  2596 | D:2      | Reached skill level 1 in Invocations
  3064 | D:2      | Found a faded altar of an unknown god.
  3461 | D:3      | Reached ** piety under Sif Muna
  4067 | D:4      | Reached XP level 6. HP: 32/32 MP: 7/15
  4392 | D:4      | Reached skill level 5 in Spellcasting
  4677 | D:4      | Found Xyirynt's Assorted Antiques.
  5003 | D:5      | Entered Level 5 of the Dungeon
  5146 | D:5      | Found Syluc's Distillery.
  5275 | D:5      | Reached XP level 7. HP: 36/36 MP: 10/17
  5389 | D:5      | Noticed a komodo dragon
  5397 | D:5      | Killed a komodo dragon
  5398 | D:5      | Reached skill level 5 in Dodging
  6117 | D:5      | Reached skill level 7 in Ice Magic
  6223 | D:5      | Reached XP level 8. HP: 19/41 MP: 16/19
  7389 | D:6      | Noticed Edmund
  7417 | D:6      | Killed Edmund
  7679 | D:6      | Found a glowing silver altar of Zin.
  7745 | D:6      | Found a runed translucent gate.
  7745 | D:6      | Found a runed translucent gate.
  7745 | D:6      | Found a runed translucent gate.
  7746 | D:6      | Noticed Silentstumbler's ghost (novice TrHu)
  8003 | D:7      | Found a hide-covered altar of Uskayaw.
  8008 | D:7      | Reached skill level 5 in Invocations
  8180 | D:7      | Reached XP level 9. HP: 45/45 MP: 11/22
  8327 | D:7      | Reached skill level 8 in Ice Magic
  8854 | D:7      | Noticed a two-headed ogre
  8861 | D:7      | Mangled by a two-headed ogre

Illustrated notes

Levels and vault maps discovered:
D:1:      roderic_chinese_lattice_arrival, layout_rooms, minmay_statues_item,
          minivault_4
D:2:      layout_loops_ring, serial_shops, nicolae_shop_trees,
          hellmonk_ecumenical_altar_run_dry, hex_tiny, chequers_jeans
D:3:      layout_basic, serial_corexii_hall, chequers_hall_statues_y,
          corexii_hall_statues_s, chequers_hall_statues_wall_a,
          corexii_hall_statues_s
D:4:      wander_river, layout_loops_ring, mainiacjoe_overflow_boulevard,
          minmay_temple_entry_offerings, serial_shops, nicolae_take_the_stairs,
          st_stairs_6, kennysheep_small_circle
D:5:      cheibrodos_quashed, layout_loops_corners, serial_shops,
          nicolae_shop_waterfront, chequers_decorated_corner,
          hangedman_decor_opposing, minmay_a_box_with_orc_wizards_in_it
D:6:      layout_rooms, zin_statuary, gammafunk_ghost_necromancy,
          nicolae_ossuary_entry_plus, uniq_edmund
D:7:      layout_gridville, mainiacjoe_overflow_24_doors
Temple:   compressed_dpeg_circular_temple

Skill      XL: |  1  2  3  4  5  6  7  8  9 |
---------------+----------------------------+-----
Dodging        | 3 4 5 6 7 |  7.2
Ice Magic      | 5 6 7 8 |  8.1
Spellcasting   | 4 5 6 7 |  7.9
Conjurations   | 1 2 3 4 |  4.8
Invocations    | 1 2 3 5 |  5.3
Stealth        | |  2.4

Action                   |  1- 3 |  4- 6 |  7- 9 || total
-------------------------+-------+-------+-------++-------
Melee: Dagger            |    31 |   100 |   113 ||   244
       Whip              |       |     3 |     6 ||     9
Throw: Stone             |    12 |     6 |       ||    18
       Dart              |       |     9 |    20 ||    29
       Throwing net      |       |     1 |       ||     1
 Cast: Freeze            |    38 |    55 |    16 ||   109
       Frozen Ramparts   |     9 |    17 |    19 ||    45
       Ozocubu's Armour  |     3 |    12 |    22 ||    37
       Hailstorm         |       |       |    28 ||    28
  Use: Scroll            |       |     6 |     4 ||    10
 Stab: Sleeping          |     1 |    11 |     3 ||    15
       Held in net/web   |       |     2 |       ||     2
Armor: Robe              |    16 |    23 |    40 ||    79
Dodge: Dodged            |    25 |    90 |   100 ||   215
